 Dungeon Crawl Stone Soup version 0.17.1-3-g152610e (webtiles) character file.

189 moxian the Charmwright (level 5, -5/35 HPs)
             Began as a High Elf Skald on Apr 17, 2016.
             Slain by Robin
             ... wielding a +4 dagger
              (6 damage)
             ... on level 2 of the Dungeon.
             The game lasted 00:15:42 (3800 turns).

moxian the Charmwright (High Elf Skald)             Turns: 3800, Time: 00:15:42

Health: -5/35      AC:  3    Str: 11 (12) XL:     5   Next: 40%
Magic:  9/11       EV: 12    Int: 21      God:
Gold:   176        SH:  0    Dex: 14      Spells: 2 memorised, 7 levels left

rFire  . . .     SeeInvis .     a - +0 falchion
rCold  . . .     Clarity  .     b - +0 leather armour
rNeg   . . .     SustAt   .     (no shield)
rPois  .         Gourm    .     (no helmet)
rElec  .         Spirit   .     (no cloak)
rCorr  .         Warding  .     (no gloves)
rMut   .         Stasis   .     (no boots)
MR     .....                    (no amulet)
Stlth  +.........               (no ring)
                                (no ring)

@: brilliant, not resistant to hostile enchantments, very unstealthy
A: no striking features
a: no special abilities


You were on level 2 of the Dungeon.
You were not hungry.

You visited 1 branch of the dungeon, and saw 3 of its levels.

You collected 176 gold pieces.

Inventory:

Hand Weapons
 a - a +0 falchion (weapon)
 g - a -3 short sword
 i - a +0 short sword of holy wrath
 n - a +0 hunting sling
 q - a cursed -2 scimitar
 s - a +0 hunting sling
 x - a +0 hunting sling
Missiles
 e - 159 stones (quivered)
 p - 13 sling bullets
 u - 27 arrows
 w - 10 bolts of frost
Armour
 b - a +0 leather armour (worn)
Wands
 v - a wand of random effects (27)
Scrolls
 f - a scroll of magic mapping {unknown}
 h - a scroll of identify {unknown}
 l - a scroll of blinking {unknown}
 r - a scroll of enchant weapon {unknown}
 t - a scroll of remove curse
Potions
 k - a potion of magic {unknown}
 m - a potion of degeneration
Books
 c - a book of Battle

   Spells                             Type                      Level
   a - Infusion                       Charms                       1
   b - Shroud of Golubria             Charms/Translocation         2
   c - Song of Slaying                Charms                       2
   d - Spectral Weapon                Hexes/Charms                 3
   e - Regeneration                   Charms/Necromancy            3
Comestibles
 d - 3 bread rations
 o - a meat ration
 z - 2 chunks of flesh


   Skills:
 + Level 2.5 Fighting
 - Level 1.0(2.1) Short Blades
 * Level 2.9(3.1) Long Blades
 + Level 1.8 Armour
 + Level 2.5 Dodging
 + Level 1.0 Stealth
 + Level 3.4 Spellcasting
 + Level 4.5 Charms
 * Level 1.0 Translocations


You had 7 spell levels left.
You knew the following spells:

 Your Spells              Type           Power        Failure   Level  Hunger
a - Infusion              Chrm           #####.       1%          1    None
b - Shroud of Golubria    Chrm/Tloc      ####......   1%          2    ##.....


Dungeon Overview and Level Annotations

Branches:
Dungeon (3/15)

Altars:

Annotations:
D:2 Crazy Yiuf, Robin
D:3 Sigmund


Message History

Robin throws the goblin at you!
You closely miss the goblin. The goblin barely misses you.
Casting: Infusion
Confirm with . or Enter, or press ? or * to list all spells.
Space distorts slightly along a thin shroud covering your body.
The goblin closely misses you.
Robin hits you with an enchanted dagger.
* * * LOW HITPOINT WARNING * * *
Your shroud falls apart!
Drink which item? (? for menu, Esc to quit)
It was a potion of brilliance.
You feel clever all of a sudden. The goblin closely misses you.
Robin barely misses you.
Drink which item? (? for menu, Esc to quit)
It was a potion of degeneration.
There was something very wrong with that liquid.
You feel weakened. The goblin hits you but does no damage.
Robin hits you with an enchanted dagger.
You die...

###....#.#.....#.#
###.......##.#..
##.........#.#
###.#.#####.#
######.#.# #.#
#......#.# #.#
##......#.# #.#
#######.......#'#####..
#....g@g............###
#.#######'#.........# #
#.# #.............# #
#.# #.#.#.........###
#.# #.#.#............
#.# #.#.#..........##
#.#####.#.#######......
#.................>....
#######.##.##..........


You could see Robin and a goblin (frenzied).

Vanquished Creatures
  Ijyb (D:2)
  8 adders (D:2)
  2 oozes (D:2)
  3 worms
  4 giant geckos
  2 orcs
  A ball python (D:2)
  4 bats
  3 giant cockroaches
  11 goblins
  6 hobgoblins
  2 quokkas (D:2)
  4 giant newts (D:2)
  12 kobolds
  6 rats
69 creatures vanquished.

Notes
Turn   | Place    | Note
--------------------------------------------------------------
     0 | D:1      | moxian the High Elf Skald began the quest for the Orb.
     0 | D:1      | Reached XP level 1. HP: 14/14 MP: 4/4
    78 | D:1      | Reached skill level 4 in Charms
   142 | D:1      | Reached XP level 2. HP: 14/19 MP: 2/6
   531 | D:1      | Learned a level 2 spell: Shroud of Golubria
   597 | D:1      | Reached skill level 1 in Armour
  1221 | D:2      | Reached XP level 3. HP: 20/24 MP: 3/8
  1288 | D:2      | Reached skill level 1 in Short Blades
  1296 | D:2      | Noticed Ijyb
  1329 | D:2      | Killed Ijyb
  1329 | D:2      | Reached XP level 4. HP: 19/30 MP: 2/9
  2188 | D:2      | Reached skill level 1 in Stealth
  2300 | D:2      | Reached XP level 5. HP: 24/35 MP: 7/10
  2677 | D:2      | Noticed Crazy Yiuf
  3124 | D:3      | Noticed Sigmund
  3409 | D:3      | Reached skill level 1 in Translocations
  3774 | D:3      | Noticed Robin
  3798 | D:2      | HP: 1/35 [Robin/enchanted dagger (5)]
  3800 | D:2      | Slain by Robin

Action                   |  1- 3 |  4- 6 || total
-------------------------+-------+-------++-------
Melee: Short sword       |    43 |       ||    43
       Falchion          |    61 |   196 ||   257
Throw: Stone             |       |     8 ||     8
 Cast: Infusion          |    12 |     4 ||    16
       Shroud of Golubri |     2 |    23 ||    25
  Use: Scroll            |     2 |       ||     2
       Potion            |       |     2 ||     2
 Stab: Sleeping          |     3 |     2 ||     5
  Eat: Chunk             |     1 |    10 ||    11
